 Dungeon Crawl Stone Soup version 0.29.1-13-g9f3cf754e1 (webtiles) character file.

Game seed: 16094423528440051653

123 Thatpatchoflichen the Cudgeller (level 5, -7/54 HPs)
             Began as an Ogre Monk on Feb 7, 2023.
             Was a Believer of Wu Jian.
             Mangled by Blork the orc
             ... wielding a +4 vorpal hand axe
              (10 damage)
             ... on level 4 of the Dungeon.
             The game lasted 00:06:19 (2604 turns).

Thatpatchoflichen the Cudgeller (Ogre Monk)         Turns: 2604, Time: 00:06:20

Health: -7/54      AC:  3    Str: 17    XL:     5   Next: 7%
Magic:  5/5        EV: 14    Int: 11    God:    Wu Jian [**....]
Gold:   198        SH:  0    Dex: 11    Spells: 4/4 levels left

rFire   . . .      SeeInvis .   a - +0 mace
rCold   . . .      Faith    .   (no shield)
rNeg    . . .      Spirit   .   b - +0 robe
rPois   .          Reflect  .   (helmet restricted)
rElec   .          Harm     .   (no cloak)
rCorr   .          Rampage  .   (gloves unavailable)
Will    .....                   (boots unavailable)
Stlth   ++........              (no amulet)
HPRegen 0.18/turn               f - +4 ring of evasion
MPRegen 0.09/turn               (no ring)

@: no status effects
A: large, unfitting armour, tough skin 1
a: Renounce Religion, Wall Jump


You were on level 4 of the Dungeon.
You worshipped Wu Jian.
Wu Jian was pleased with you.
You visited 1 branch of the dungeon, and saw 4 of its levels.

You collected 198 gold pieces.

Inventory:

Hand Weapons
 a - a +0 mace (weapon)
Missiles
 l - 10 large rocks (quivered)
Armour
 b - a +0 robe (worn)
Jewellery
 f - a +4 ring of evasion (left hand)
Scrolls
 d - a scroll of fear {unknown}
 e - a scroll of summoning {unknown}
 g - 3 scrolls of identify {unknown}
 h - 2 scrolls of immolation
 j - 2 scrolls of teleportation {unknown}
 k - a scroll of magic mapping {unknown}
Potions
 c - a potion of ambrosia
 i - 4 potions of lignification
 m - a potion of might {unknown}


   Skills:
 - Level 4.0 Fighting
 + Level 4.9 Maces & Flails
 - Level 3.0 Dodging
 - Level 1.4 Stealth


You had 4 spell levels left.
You didn't know any spells.
Your spell library contained the following spells:

 Spells                   Type           Power      Damage    Failure   Level
 Scorch                   Fire           0%         2d5       47%         2
 Flame Wave               Conj/Fire      0%         2d4       98%         4
 Summon Cactus Giant      Summ           0%         N/A       100%        6


Dungeon Overview and Level Annotations

Branches:
Dungeon (4/15)
 Temple: D:4-7

Altars:
Trog
Uskayaw
Wu Jian

Shops:
D:2 (

Annotations:
D:3 1 runed translucent door, Crazy Yiuf
D:4 Blork the orc


Innate Abilities, Weirdness & Mutations

You are too large for most types of armour.
You have tough skin. (AC +1)


Message History

You can now perform damaging attacks by moving towards foes.
Unknown command.
Press < or > to pray at altars.
Okay, then.
Blork the orc comes into view.
He is wielding a +4 vorpal hand axe and wearing a +2 robe of willpower.
Found a scroll labelled FOOSUF BACH.
Blork the orc points at you and mumbles some strange words.
The puff of flame hits you.
Blork the orc casts a spell.
Blork the orc seems to speed up.
You hear a shout! x2
A goblin comes into view. It is wielding a +0 club.
You hit Blork the orc.
Blork the orc is lightly wounded.
Blork the orc points at you and mumbles some strange words.
The magic dart hits you.
You barely miss Blork the orc.
Blork the orc is lightly wounded.
Blork the orc barely misses you.
Blork the orc hits you with a +4 vorpal hand axe.
You closely miss Blork the orc.
Blork the orc is lightly wounded.
Blork the orc hits you with a +4 vorpal hand axe!
Blork the orc hits you with a +4 vorpal hand axe.
You hit Blork the orc.
Blork the orc is lightly wounded.
Blork the orc closely misses you.
You hit Blork the orc but do no damage.
Blork the orc is lightly wounded.
Blork the orc hits you with a +4 vorpal hand axe.
A goblin comes into view. It is wielding a +0 club.
Blork the orc hits you with a +4 vorpal hand axe!
* * * LOW HITPOINT WARNING * * *
x2 Blork the orc attacks as you move away!
Blork the orc hits you with a +4 vorpal hand axe.
* * * LOW HITPOINT WARNING * * *
x2 Blork the orc closely misses you.
The goblin attacks as you move away! The goblin closely misses you.
Blork the orc hits you with a +4 vorpal hand axe!
You die...

#.##.##..#
#.#.#.#g.##
#..###....#
..#######......##
...............#
########.#.....#
###..<...##
#...#.#go#########
#.###.#..@.......#
#.# #.#.########.#
#.# #.#.# # #.#
#.### #.###.###
#.#..##.#
#.#.##..#
#.#.#.### ##.###


You could see Blork the orc (fast) and 2 goblins.

Vanquished Creatures
  A scorpion (D:4)
  An adder (D:2)
  A worm (D:2)
  4 endoplasms
  2 giant cockroaches
  7 goblins
  6 hobgoblins
  4 jackals (D:2)
  3 quokkas
  5 ball pythons
  6 bats
  3 frilled lizards
  2 kobolds
  6 rats
51 creatures vanquished.

Notes
Turn   | Place    | Note
-------+----------+-------------------------------------------
     0 | D:1      | Thatpatchoflichen the Ogre Monk began the quest for the
                  | Orb.
     0 | D:1      | Reached XP level 1. HP: 24/24 MP: 1/1
   308 | D:1      | Reached XP level 2. HP: 32/32 MP: 2/2
   452 | D:1      | Found a faded altar of an unknown god.
   988 | D:2      | Reached XP level 3. HP: 38/39 MP: 3/3
  1347 | D:2      | Found Kapu's Antique Weapon Shoppe.
  1382 | D:2      | Found a hide-covered altar of Uskayaw.
  1746 | D:3      | Noticed a scorpion
  1751 | D:3      | Reached XP level 4. HP: 48/48 MP: 4/4
  1802 | D:3      | Found a runed translucent door.
  1803 | D:3      | Noticed Crazy Yiuf
  1836 | D:3      | Found a bloodstained altar of Trog.
  2125 | D:3      | Noticed a phantom
  2198 | D:4      | Noticed a scorpion
  2213 | D:4      | HP: 2/48 [poisoned by a scorpion]
  2228 | D:4      | Killed a scorpion
  2229 | D:4      | Reached XP level 5. HP: 12/54 MP: 5/5
  2490 | D:4      | Found an ornate altar of the Wu Jian Council.
  2553 | D:4      | Became a worshipper of the Wu Jian Council
  2553 | D:4      | Reached * piety under Wu Jian
  2553 | D:4      | Reached ** piety under Wu Jian
  2588 | D:4      | Noticed Blork the orc
  2602 | D:4      | HP: 2/54 [Blork the orc/+4 vorpal hand axe (2)]
  2604 | D:4      | Mangled by Blork the orc

Illustrated notes

Levels and vault maps discovered:
D:1:      saegor_arrival_simple_c, layout_basic,
          hellmonk_ecumenical_altar_blasted
D:2:      layout_loops_ring, serial_shops, shop_coins, basic_altar
D:3:      layout_loops_ring, trog_three_pillars_becter,
          chequers_serial_rivers_small_3, uniq_crazy_yiuf_cottage
D:4:      layout_loops_ring, marbit_many_paths, minmay_misc_feat_tower,
          minmay_goblin_outpost, uniq_blork_the_orc

Skill      XL: |  1  2  3 |
---------------+----------+-----
Maces & Flails | 3 4 |  4.9
Dodging        | 3 |  3.0
Fighting       | |  4.0
Stealth        | |  1.4

Action                   |  1- 3 |  4- 6 || total
-------------------------+-------+-------++-------
Melee: Mace              |   119 |    54 ||   173
       Punch             |       |     1 ||     1
  Use: Potion            |       |     2 ||     2
 Stab: Sleeping          |     3 |       ||     3
Armor: Robe              |    34 |     6 ||    40
       Skin              |       |    16 ||    16
Dodge: Dodged            |   111 |    39 ||   150
